 Dungeon Crawl Stone Soup version 0.30-a0-605-gb2882149bf (webtiles) character file.

Game seed: 8753952258329427431

3246 OTABOTABOTAB the Martial Artist (level 9, -2/57 (58) HPs)
             Began as an Octopode Transmuter on Jan 8, 2023.
             Was an Initiate of Gozag.
             Slain by a wight
             ... wielding a +0 mace
              (4 damage)
             ... on level 8 of the Dungeon.
             The game lasted 00:13:32 (7830 turns).

OTABOTABOTAB the Martial Artist (OpTm)              Turns: 7830, Time: 00:13:33

HP:   -2/57 (58)    AC:  2    Str:  9    XL:     9   Next: 99%
MP:   7/12          EV: 21    Int: 19    God:    Gozag
Gold: 817           SH:  0    Dex: 18    Spells: 2/12 levels left

rFire   + . .      SeeInvis +      - Unarmed
rCold   + + +      Faith    .    (shield currently unavailable)
rNeg    + . .      Spirit   .    (helmet currently unavailable)
rPois   x          Reflect  .    (no amulet)
rElec   +          Harm     .    c - ring of resist corrosion
rCorr   +          Rampage  .    j - ring of protection from fire {rF+, !d}
Will    +....                    g - ring of wizardry {Wiz+, !d}
Stlth   ++                       u - ring of Zanobbur {rElec rC+++ rN+ Will+ SInv}
HPRegen 0.29/turn                (no ring)
MPRegen 0.13/turn                (no ring)
                                 (no ring)
                                 (no ring)

@: spider-form, gold aura, lightly drained
A: venomous fangs, almost no armour, (amphibious), 8 rings, tiny, (camouflage
1), (gelatinous body 1), (nimble swimmer 1), (tentacles)
a: End Transformation, Renounce Religion, Potion Petition, Call Merchant, Bribe
Branch


You were on level 8 of the Dungeon.
You worshipped Gozag.
Gozag was pleased with you.
You were a venomous arachnid creature.
You visited 1 branch of the dungeon, and saw 8 of its levels.

You collected 965 gold pieces.
You spent 84 gold pieces at shops.
You paid 64 gold pieces to Gozag.

Inventory:

Hand Weapons
 q - the +3 short sword "Kamneikh" (melded) {flame, Will++ SInv}
   (You found it on level 6 of the Dungeon)

   SInv:      It lets you see invisible.
   Will:      It greatly increases your willpower.
Missiles
 e - 5 curare-tipped darts
 k - 2 poisoned darts
Armour
 m - a +0 buckler
   (You found it on level 5 of the Dungeon)
 w - a +2 hat (melded)
   (You found it on level 8 of the Dungeon)
Jewellery
 b - a ring of fire {rF+, rC-}
   (You found it on level 2 of the Dungeon)
 c - a ring of resist corrosion (left front pincers)
   (You found it on level 1 of the Dungeon)
 g - a ring of wizardry (on tentacle) {Wiz+, !d}
   (You found it on level 4 of the Dungeon)
 j - a ring of protection from fire (right front pincers) {rF+, !d}
   (You found it on level 4 of the Dungeon)
 t - a ring of see invisible {sInv, !d}
   (You found it on level 7 of the Dungeon)
 u - the ring of Zanobbur (on tentacle) {rElec rC+++ rN+ Will+ SInv}
   (You found it on level 6 of the Dungeon)

   [ring of positive energy]

   rC:        It renders you almost immune to cold.
   rElec:     It insulates you from electricity.
   rN:        It protects you from negative energy.
   SInv:      It lets you see invisible.
   Will:      It increases your willpower.
Wands
 n - a wand of paralysis (8)
   (You found it on level 5 of the Dungeon)
 r - a wand of acid (3)
   (You found it on level 7 of the Dungeon)
Scrolls
 v - a scroll of enchant armour
 x - a scroll of amnesia
Potions
 a - 4 potions of lignification {!q}
 d - a potion of resistance
 f - a potion of berserk rage {unknown}
 h - 3 potions of brilliance
 i - a potion of mutation {!q}


   Skills:
 + Level 3.7 Fighting
 + Level 4.2 Dodging
 - Level 8.7 Unarmed Combat
 - Level 2.0 Spellcasting
 - Level 8.4 Transmutations
 - Level 5.0 Ice Magic


You had 2 spell levels left.
You knew the following spells:

 Your Spells              Type           Power      Damage    Failure   Level
a - Beastly Appendage     Tmut           66%        N/A       1%          1
b - Wereblood             Tmut           33%        N/A       1%          2
c - Spider Form           Tmut/Pois      17%        N/A       9%          3
d - Ice Form              Ice/Tmut       27%        N/A       11%         4

Your spell library contained the following spells:

 Spells                   Type           Power      Damage    Failure   Level
 Static Discharge         Conj/Air       2%         2-3/arc   21%         2
 Vhi's Electric Charge    Tloc/Air       2%         N/A       34%         3
 Airstrike                Air            0%         2d(1-17)  69%         4
 Passage of Golubria      Tloc           1%         N/A       69%         4
 Summon Lightning Spire   Summ/Air       1%         N/A       69%         4
 Arcjolt                  Conj/Air       0%         1d10      93%         5
 Lightning Bolt           Conj/Air       0%         1d11      93%         5
 Silence                  Hex/Air        0%         N/A       93%         5
 Lehudib's Crystal Spear  Conj/Erth      0%         10d2      100%        8
 Maxwell's Capacitive Co  Air            0%         ∞         100%        8


Dungeon Overview and Level Annotations

Branches:
Dungeon (8/15)             Temple (0/1) D:7
   Lair: D:8-11

Altars:
Ashenzari
Gozag
Makhleb
Ru
Uskayaw

Shops:
D:1 [   D:8 =*(


Innate Abilities, Weirdness & Mutations

You are a venomous arachnid creature.
You have venomous fangs.
You are tiny and dextrous.
Your spellcasting is less reliable in this form.
Your armour is entirely melded.
You are incapable of wielding weapons or throwing items.
You cannot wear most types of armour.
((You are amphibious.))
You can wear up to eight rings at the same time.
((Your skin changes colour to match your surroundings (Stealth+).))
((Your rubbery body absorbs attacks. (AC +1, EV +1)))
((You are camouflaged when in or above water. (Stealth+)))
((You have tentacles for arms and can constrict up to eight enemies at once.))


Message History

The wight is distracted by your dazzling golden aura.
You hit the yak but do no damage.
The yak looks as sick as possible!
You hiss as the wereblood boils in your veins!
The wight is no longer distracted by gold. x2
The warg is distracted by your dazzling golden aura.
The yak completely misses you.
The orc priest is distracted by your dazzling golden aura.
The warg howls!
You bite the yak!
The yak looks as sick as possible!
A howler monkey comes into view.
The yak completely misses you.
An orc warrior comes into view. It is wielding a +0 scimitar.
The warg is distracted by your dazzling golden aura.
The wight is distracted by your dazzling golden aura.
The warg howls!
You hit the yak.
The yak looks as sick as possible!
The wight is no longer distracted by gold.
The howler monkey is distracted by your dazzling golden aura.
The yak closely misses you.
You hit the yak.
The yak looks as sick as possible!
The warg is no longer distracted by gold.
The wight is no longer distracted by gold.
The yak gores you but does no damage.
You hit the yak.
The orc priest is no longer distracted by gold.
The howler monkey is no longer distracted by gold.
The wight is distracted by your dazzling golden aura.
The orc priest miscasts a cantrip.
The warg is distracted by your dazzling golden aura.
The yak completely misses you.
The warg howls!
You hit the yak.
The yak looks as sick as possible!
The howler monkey hoots and howls with incredible vigour!
The yak gores you.
You hear a howl!
You hear a shout! x3
You hit the yak.
The warg is no longer distracted by gold.
You feel a bit better.
You kill the yak!
Your Dodging skill increases to level 4!
You regained 2 hp, and now have 24/58 hp.
You bite the orc wizard!
The orc wizard is poisoned.
The orc wizard misses you.
You bite the orc wizard!
You feel a bit better.
You kill the orc wizard!
The wight is no longer distracted by gold.
You regained 4 hp, and now have 28/58 hp.
The warg is no longer distracted by gold.
You hiss as the wereblood boils in your veins!
The howler monkey is distracted by your dazzling golden aura.
As you read the scroll of teleportation, it crumbles to dust.
You feel strangely unstable.
The howler monkey howls!
Your primal bloodlust is almost over.
The warg bites you.
You take 3 damage, and have 26/58 hp.
Your surroundings suddenly seem different. 5 wights, 4 yaks and a centaur come into view.
A wight is wielding a +1 war axe of freezing.
Found 107 gold pieces and 6 poisoned darts.
Found Jogguded's Weapon Boutique.
The centaur shouts!
The centaur wields a +0 shortbow.
The centaur shoots an arrow.
The arrow barely misses you.
The arrow hits the wight!
The wight hits you with a +3 dagger.
The yak snorts and paws the ground.
The wight barely misses you.
The yak bellows!
You see here 7 gold pieces.
You take 1 damage, and have 25/58 hp.
Okay, then.
As you read the scroll of fear, it crumbles to dust.
You assume a fearsome visage.
The wight is unaffected.
The wight is unaffected.
The wight is unaffected.
The wight is unaffected.
The wight is unaffected.
The yak looks frightened! x4; The centaur looks frightened!
The centaur starts to cry.
The wight barely misses you. The wight hits you with a +3 dagger!
* * * LOW HITPOINT WARNING * * *
You partially resist.
You feel drained.
You take 8 damage, and have 17/57 hp.
You feel better. The wight completely misses you.
The wight hits you with a +3 dagger!
The yak is distracted by your dazzling golden aura.
The wight hits you with a +2 scimitar!
* * * LOW HITPOINT WARNING * * *
The wight completely misses you.
The yak bellows!
You take 16 damage, and have 1/57 hp.
MASSIVE DAMAGE!!
As you read the scroll labelled ZUCUCK MI MUF, it crumbles to dust.
It is a scroll of enchant weapon.
You aren't carrying any weapons that can be enchanted.
Your primal bloodlust has ended.
The wight hits you with a +0 mace.
You die...
Your body crumbles into a pile of gold.

## ###Y.
#####
..Y(..#zz$#
#..Y.sz$#
#Y.$z$z$.....
#..#########.
#c.. .#. #


You could see 4 yaks, a centaur (fleeing) and 5 wights.

Vanquished Creatures
  A hornet (D:8)
  A spriggan (D:8)
  A wyvern (D:8)
  5 yaks (D:8)
  A steam dragon (D:6)
  A water moccasin (D:7)
  2 sky beasts
  An ogre (D:6)
  A centaur (D:7)
  2 phantoms
  4 bullfrogs
  4 necrophages
  2 scorpions (D:6)
  5 hounds
  3 jellies
  An orc priest (D:3)
  4 iguanas
  2 orc wizards
  6 gnolls
  9 adders
  2 white imps (D:6)
  3 worms
  4 dart slugs
  11 orcs
  4 bats
  6 endoplasms (D:1)
  2 giant cockroaches (D:2)
  7 goblins
  12 hobgoblins
  3 quokkas
  9 ball pythons
  2 frilled lizards
  11 kobolds
  4 rats
136 creatures vanquished.

Notes
Turn   | Place    | Note
-------+----------+-------------------------------------------
     0 | D:1      | OTABOTABOTAB the Octopode Transmuter began the quest for
                  | the Orb.
     0 | D:1      | Reached XP level 1. HP: 13/13 MP: 3/3
    75 | D:1      | Reached XP level 2. HP: 18/18 MP: 5/5
   133 | D:1      | Found a faded altar of an unknown god.
   329 | D:1      | Found Enten's Antique Armour Shop.
   398 | D:1      | Reached XP level 3. HP: 13/23 MP: 6/6
  1012 | D:2      | Reached skill level 3 in Transmutations
  1388 | D:2      | Reached skill level 4 in Unarmed Combat
  1388 | D:2      | Reached XP level 4. HP: 24/28 MP: 7/7
  1922 | D:3      | Learned a level 2 spell: Wereblood
  1926 | D:3      | Learned a level 3 spell: Spider Form
  1995 | D:3      | HP: 2/28 [orc priest/divine providence (15)]
  2001 | D:3      | Reached skill level 4 in Transmutations
  2001 | D:3      | Reached XP level 5. HP: 29/33 MP: 8/8
  2032 | D:3      | Found an opulent altar of Gozag.
  2064 | D:3      | Became a worshipper of Gozag Ym Sagoz the Greedy
  3563 | D:4      | Reached skill level 5 in Unarmed Combat
  3633 | D:4      | Reached XP level 6. HP: 38/38 MP: 6/9
  3699 | D:4      | Found a burning altar of Makhleb.
  3704 | D:4      | Reached skill level 1 in Ice Magic
  4013 | D:5      | Entered Level 5 of the Dungeon
  4279 | D:5      | Reached skill level 5 in Transmutations
  4421 | D:5      | Reached skill level 2 in Ice Magic
  4481 | D:5      | Reached XP level 7. HP: 43/43 MP: 3/10
  4491 | D:5      | Learned a level 4 spell: Ice Form
  5280 | D:6      | Reached skill level 6 in Unarmed Combat
  5280 | D:6      | Reached skill level 3 in Ice Magic
  5398 | D:6      | Reached XP level 8. HP: 41/48 MP: 8/11
  5405 | D:6      | Identified the +3 short sword "Kamneikh" {flame, Will++
                  | SInv}
  5501 | D:6      | Reached skill level 6 in Transmutations
  5596 | D:6      | Reached skill level 4 in Ice Magic
  5630 | D:6      | Found a sacrificial altar of Ru.
  5986 | D:6      | Identified the ring of Zanobbur {rElec rC+++ rN+ Will+
                  | SInv}
  6190 | D:6      | Reached skill level 7 in Unarmed Combat
  6512 | D:7      | Reached skill level 5 in Ice Magic
  6598 | D:7      | Found a staircase to the Ecumenical Temple.
  6625 | D:7      | Reached skill level 7 in Transmutations
  6734 | D:7      | Reached XP level 9. HP: 53/53 MP: 7/12
  6883 | D:7      | Found a hide-covered altar of Uskayaw.
  7012 | D:7      | Reached skill level 8 in Unarmed Combat
  7286 | D:8      | Noticed a hornet
  7292 | D:8      | Killed a hornet
  7293 | D:8      | Reached skill level 8 in Transmutations
  7423 | D:8      | Found Aluiqob's Jewellery Emporium.
  7576 | D:8      | Found a broken altar of Ashenzari.
  7729 | D:8      | Found Pidoehio's Assorted Antiques.
  7734 | D:8      | Bought a scroll labelled TIRRAECKEAVEL for 21 gold pieces
  7734 | D:8      | Bought a scroll labelled ZUCUCK MI MUF for 21 gold pieces
  7734 | D:8      | Bought a scroll of identify for 42 gold pieces
  7791 | D:8      | Reached skill level 2 in Fighting
  7791 | D:8      | Reached skill level 3 in Dodging
  7793 | D:8      | HP: 13/55 [yak (9)]
  7800 | D:8      | HP: 11/55 [yak (6)]
  7804 | D:8      | Reached skill level 3 in Fighting
  7819 | D:8      | Reached skill level 4 in Dodging
  7827 | D:8      | Found Jogguded's Weapon Boutique.
  7829 | D:8      | HP: 1/57 [wight/+2 scimitar (17)]
  7830 | D:8      | Slain by a wight

Illustrated notes

Levels and vault maps discovered:
D:1:      pf_arrival_petrified_forest, layout_loops_ring,
          shapermc_ecumenical_altar_totnotflames, serial_shops,
          nicolae_shop_behind_doors, minmay_misc_feat_encased
D:2:      layout_loops_corners
D:3:      layout_basic, lemuel_tele_altar
D:4:      layout_gridville, makhleb_heckhound_becter
D:5:      layout_basic
D:6:      layout_rooms, mainiacjoe_overflow_chevrons, grunt_ministairs_11
D:7:      layout_basic, kennysheep_little_box, minmay_temple_entry_hall
D:8:      layout_loops_ring, lemuel_doored_altar, erik_lair_orcish_takeover,
          serial_shops, nicolae_diamond_shop, nicolae_stop_n_shop_1, shop_coins,
          shop_fountains, chequers_serial_rivers_large_a, the_hattery

Skill      XL: |  1  2  3  4  5  6  7  8  9 |
---------------+----------------------------+-----
Transmutations | 3 4 5 7 8 |  8.4
Unarmed Combat | 4 5 6 7 8 |  8.7
Ice Magic      | 2 3 5 |  5.0
Fighting       | 3 |  3.7
Dodging        | 4 |  4.2
Spellcasting   | |  2.0

Action                   |  1- 3 |  4- 6 |  7- 9 || total
-------------------------+-------+-------+-------++-------
Melee: Unarmed           |    86 |   138 |   174 ||   398
       Constrict         |    22 |    17 |     1 ||    40
       Tentacles         |    13 |    19 |     2 ||    34
       Punch             |     4 |     2 |     2 ||     8
       Kick              |     2 |     2 |       ||     4
       Short sword       |       |       |     7 ||     7
 Cast: Beastly Appendage |     1 |     1 |       ||     2
       Spider Form       |       |    14 |     9 ||    23
       Ice Form          |       |       |    20 ||    20
       Wereblood         |       |       |     1 ||     1
 Abil: End Transformatio |     1 |    11 |    25 ||    37
Evoke: Wand              |       |       |     1 ||     1
  Use: Scroll            |     7 |     2 |     9 ||    18
       Potion            |       |     1 |     3 ||     4
 Stab: Sleeping          |    11 |     7 |       ||    18
       Distracted        |       |     2 |       ||     2
Armor: Skin              |     7 |     7 |    38 ||    52
Dodge: Dodged            |    52 |    76 |    89 ||   217

Table legend: (Time is in decaauts)
 A = Elapsed time spent in this place.
 B = Non-inter-level travel time spent in this place.
 C = Inter-level travel time spent in this place.
 D = Time resting spent in this place.
 E = Time spent auto-exploring this place.
 F = Levels seen in this place.
 G = Mean time per level.
                   A        B        C        D        E       F      G
               +--------+--------+--------+--------+--------+-----+--------+
         Total |   7784 |   7634 |    150 |    393 |   6102 |   8 |  973.0 |
       Dungeon |   7784 |   7634 |    150 |    393 |   6102 |   8 |  973.0 |
               +--------+--------+--------+--------+--------+-----+--------+

Top non-repeatable levels by time:
     D:3: 1267 daAuts
     D:5: 1222 daAuts
     D:6: 1139 daAuts
     D:1: 992 daAuts
     D:4: 934 daAuts
     D:7: 891 daAuts
     D:2: 801 daAuts
     D:8: 535 daAuts

Table legend:
 A = Kills in this place as a percentage of kills in entire the game.
 B = Kills by you in this place as a percentage of kills by you in the entire game.
 C = Kills by friends in this place as a percentage of kills by friends in the entire game.
 D = Other kills in this place as a percentage of other kills in the entire game.
 E = Experience gained in this place as a percentage of experience gained in the entire game.
 F = Experience gained in this place divided by the number of levels of this place that you have seen.
                   A       B       C       D       E      F
               +-------+-------+-------+-------+-------+----------------------
         Total | 100.0 | 100.0 |   N/A |   N/A | 100.0 | 579.8
       Dungeon | 100.0 | 100.0 |   N/A |   N/A | 100.0 | 579.8
               +-------+-------+-------+-------+-------+----------------------
